 Dungeon Crawl Stone Soup version 0.23-a0-639-ga9a3373 (webtiles) character file.

251 zishaf the Magician (level 6, 0/44 HPs)
             Began as a Gnoll Wizard on Dec 30, 2018.
             Slain by Grinder (8 damage)
             ... while paralysed by Grinder
             ... on level 3 of the Dungeon.
             The game lasted 00:05:49 (2940 turns).

zishaf the Magician (Gnoll Wizard)                  Turns: 2940, Time: 00:05:50

Health: 0/44       AC:  5    Str: 10    XL:     6   Next: 13%
Magic:  1/16       EV:  2    Int: 22    God:
Gold:   72         SH:  0    Dex: 13    Spells: 5/19 levels left

rFire    + . .     SeeInvis .   p - +2 quarterstaff (chaos)
rCold    + . .     Gourm    .   (shield currently unavailable)
rNeg     . . .     Faith    .   o - +2 robe {rC+ rF+}
rPois    .         Spirit   .   b - +0 hat
rElec    .         Reflect  .   q - +0 cloak
rCorr    .         Harm     .   (no gloves)
MR       .....                  (no boots)
Stlth    +++.......             (no amulet)
HPRegen  0.14/turn              (no ring)
MPRegen  0.15/turn              (no ring)

@: paralysed, very slightly contaminated
A: distributed training, fangs 1, strong nose
a: no special abilities


You were on level 3 of the Dungeon.
You were not hungry.

You visited 1 branch of the dungeon, and saw 3 of its levels.

You collected 72 gold pieces.

Inventory:

Hand Weapons
 p - a +2 quarterstaff of chaos (weapon)
Armour
 b - a +0 hat (worn)
 o - a +2 robe of resistance (worn)
 q - a +0 cloak (worn)
Wands
 l - a wand of acid (6)
Scrolls
 a - 2 scrolls of amnesia {unknown}
 f - a scroll of magic mapping {unknown}
 g - 4 scrolls of remove curse {unknown}
 h - a scroll of noise {unknown}
 j - a scroll of identify {unknown}
 k - 2 scrolls of blinking {unknown}
 m - a scroll of immolation {unknown}
Potions
 c - a potion of mutation {unknown}
 e - 2 potions of flight {unknown}
 i - 3 potions of curing {unknown}
 n - 3 potions of brilliance {unknown}
Comestibles
 d - 4 rations


   Skills:
 + Level 1.8 Fighting
 + Level 1.8 Short Blades
 + Level 1.8 Long Blades
 + Level 1.8 Axes
 + Level 1.8 Maces & Flails
 + Level 1.8 Polearms
 + Level 1.8 Staves
 + Level 1.8 Slings
 + Level 1.8 Bows
 + Level 1.8 Crossbows
 + Level 1.8 Throwing
 + Level 1.8 Armour
 + Level 4.9 Dodging
 + Level 4.5 Stealth
 + Level 1.8 Shields
 + Level 1.8 Unarmed Combat
 + Level 7.3 Spellcasting
 + Level 2.5 Conjurations
 + Level 1.4 Hexes
 + Level 1.4 Charms
 + Level 2.5 Summonings
 + Level 1.4 Necromancy
 + Level 2.5 Translocations
 + Level 1.4 Transmutations
 + Level 1.4 Fire Magic
 + Level 1.4 Ice Magic
 + Level 1.4 Air Magic
 + Level 1.4 Earth Magic
 + Level 1.4 Poison Magic
 + Level 2.0 Invocations
 + Level 1.8 Evocations


You had 5 spell levels left.
You knew the following spells:

 Your Spells              Type           Power        Failure   Level  Hunger
a - Magic Dart            Conj           ###.         2%          1    None
b - Call Imp              Summ           ###.....     4%          2    None
c - Conjure Flame         Conj/Fire      ###.....     11%         3    None
d - Blink                 Tloc           N/A          4%          2    None
e - Confuse               Hex            ##......     13%         3    None
z - Mephitic Cloud        Conj/Pois/Air  ###.....     12%         3    None

Your spell library contained the following spells:

 Spells                   Type           Power        Failure   Level  Hunger
 Confusing Touch          Hex            ##....       4%          1    None
 Slow                     Hex            ##......     7%          2    None
 Gell's Gravitas          Tloc           ###.......   9%          3    None
 Petrify                  Tmut/Erth      ##......     41%         4    ###....
 Metabolic Englaciation   Hex/Ice        ##........   77%         5    #####..
 Yara's Violent Unravell  Hex/Tmut       ##........   77%         5    #####..


Dungeon Overview and Level Annotations

Branches:
Dungeon (3/15)

Altars:
Nemelex Xobeh

Annotations:
D:2 exclusion: downstairs
D:3 Grinder


Innate Abilities, Weirdness & Mutations

Your experience applies equally to all skills.
You have very sharp teeth.
Your uncanny sense of smell can sniff out nearby items.


Message History

The goblin is engulfed in noxious fumes.
The goblin appears confused.
The goblin hits you with an uncursed staff of wizardry.
Things that are here:
a +0 club; a scroll labeled JEPONI UNEAGI; 12 gold pieces Something hits you!
* * * LOW HITPOINT WARNING * * *
You writhe in agony.
* * * LOW HITPOINT WARNING * * *
The goblin is engulfed in noxious fumes.
The goblin appears confused.
The goblin hits the orc but does no damage.
The goblin hits itself with an uncursed staff of wizardry.
The goblin is killed!
You hit the orc. You burn the orc.
You kill the orc!
You suddenly lose the ability to move!
You feel less confused. Something hits you!
You die...

############ #.#
##..........# ####.##
...........[# #.<....
............# #......
.......(....########......
.............##.....####.##
.........÷...''............
.............##.....####.##
..........@{.######## #...
..........|).# ##.#
##..........# #.#
.##.....)....# #.#
..!..........# #..
.......!g....# #.#
#............# #..
##.###'####### ###
###......# ∆ #


You could see a goblin.

Vanquished Creatures
  Crazy Yiuf (D:2)
  Robin (D:3)
  3 adders (D:2)
  3 gnolls
  2 worms
  3 dart slugs
  2 orcs (D:3)
  3 ball pythons
  3 giant cockroaches
  12 goblins
  8 hobgoblins
  A jackal (D:3)
  6 kobolds
  5 bats
  2 frilled lizards (D:1)
  7 rats
62 creatures vanquished.

Vanquished Creatures (collateral kills)
  Sigmund (D:2)
  A bat (D:2)
  A kobold (D:2)
3 creatures vanquished.

Grand Total: 65 creatures vanquished

Notes
Turn   | Place    | Note
-------+----------+-------------------------------------------
     0 | D:1      | zishaf the Gnoll Wizard began the quest for the Orb.
     0 | D:1      | Reached XP level 1. HP: 13/13 MP: 8/8
   137 | D:1      | Reached XP level 2. HP: 19/19 MP: 7/10
   521 | D:1      | Reached XP level 3. HP: 25/25 MP: 6/11
  1137 | D:2      | Reached skill level 1 in Invocations
  1252 | D:2      | Found a sparkling altar of Nemelex Xobeh.
  1282 | D:2      | Noticed Sigmund
  1292 | D:2      | Learned a level 2 spell: Call Imp
  1296 | D:2      | Learned a level 3 spell: Conjure Flame
  1299 | D:2      | Learned a level 2 spell: Blink
  1303 | D:2      | Learned a level 3 spell: Mephitic Cloud
  1315 | D:2      | Reached skill level 1 in Fighting
  1315 | D:2      | Reached skill level 1 in Short Blades
  1315 | D:2      | Reached skill level 1 in Long Blades
  1315 | D:2      | Reached skill level 1 in Axes
  1315 | D:2      | Reached skill level 1 in Maces & Flails
  1315 | D:2      | Reached skill level 1 in Polearms
  1315 | D:2      | Reached skill level 1 in Staves
  1315 | D:2      | Reached skill level 1 in Slings
  1315 | D:2      | Reached skill level 1 in Bows
  1315 | D:2      | Reached skill level 1 in Crossbows
  1315 | D:2      | Reached skill level 1 in Throwing
  1315 | D:2      | Reached skill level 1 in Armour
  1315 | D:2      | Reached skill level 1 in Shields
  1315 | D:2      | Reached skill level 1 in Unarmed Combat
  1315 | D:2      | Reached skill level 1 in Evocations
  1315 | D:2      | Reached XP level 4. HP: 32/32 MP: 7/13
  1474 | D:2      | Killed Sigmund
  1474 | D:2      | Reached skill level 1 in Hexes
  1474 | D:2      | Reached skill level 1 in Charms
  1474 | D:2      | Reached skill level 1 in Necromancy
  1474 | D:2      | Reached skill level 1 in Transmutations
  1474 | D:2      | Reached skill level 1 in Fire Magic
  1474 | D:2      | Reached skill level 1 in Ice Magic
  1474 | D:2      | Reached skill level 1 in Air Magic
  1474 | D:2      | Reached skill level 1 in Earth Magic
  1474 | D:2      | Reached skill level 1 in Poison Magic
  1474 | D:2      | Reached XP level 5. HP: 21/37 MP: 2/14
  1717 | D:2      | You fall through a shaft!
  1732 | D:3      | Noticed Robin
  2115 | D:2      | Found a runed door.
  2455 | D:2      | Noticed Crazy Yiuf
  2464 | D:2      | Killed Crazy Yiuf
  2464 | D:2      | Reached XP level 6. HP: 44/44 MP: 2/16
  2628 | D:3      | Noticed Grinder
  2630 | D:3      | Killed Robin
  2911 | D:3      | Learned a level 3 spell: Confuse
  2939 | D:3      | Paralysed by something for 6 turns
  2940 | D:3      | Slain by Grinder

Vault maps used:
D:1:      mrwooster_arrival_statue_3, hangedman_decor_riveting,
          minmay_misc_feat_nine_boxes, minmay_cupped
D:2:      nemelex_xobeh_ov_fountains_minmay, first_ration, uniq_sigmund,
          uniq_crazy_yiuf_cottage
D:3:      minmay_general_purpose_star, tgw_xom, uniq_robin, uniq_grinder

Skill      XL: |  1  2  3  4  5  6 |
---------------+-------------------+-----
Conjurations   | 2 |  2.5
Summonings     | 2 |  2.5
Translocations | 2 |  2.5
Invocations    | 1 2 |  2.0
Fighting       | 1 |  1.8
Short Blades   | 1 |  1.8
Long Blades    | 1 |  1.8
Axes           | 1 |  1.8
Maces & Flails | 1 |  1.8
Polearms       | 1 |  1.8
Staves         | 1 |  1.8
Slings         | 1 |  1.8
Bows           | 1 |  1.8
Crossbows      | 1 |  1.8
Throwing       | 1 |  1.8
Armour         | 1 |  1.8
Shields        | 1 |  1.8
Unarmed Combat | 1 |  1.8
Evocations     | 1 |  1.8
Hexes          | 1 |  1.4
Charms         | 1 |  1.4
Necromancy     | 1 |  1.4
Transmutations | 1 |  1.4
Fire Magic     | 1 |  1.4
Ice Magic      | 1 |  1.4
Air Magic      | 1 |  1.4
Earth Magic    | 1 |  1.4
Poison Magic   | 1 |  1.4
Dodging        | |  4.9
Stealth        | |  4.5
Spellcasting   | |  7.3

Action                   |  1- 3 |  4- 6 || total
-------------------------+-------+-------++-------
Melee: Unarmed           |       |     8 ||     8
       Quarterstaff      |       |     5 ||     5
 Cast: Magic Dart        |    69 |    75 ||   144
       Call Imp          |       |     3 ||     3
       Mephitic Cloud    |       |     6 ||     6
       Confuse           |       |     3 ||     3
  Eat: Chunk             |     1 |     5 ||     6
Armor: Robe              |     1 |     5 ||     6
       Leather armour    |     3 |    14 ||    17
Dodge: Dodged            |     7 |    48 ||    55

Table legend:
 A = Non-vault XP
 B = Vault XP
 C = Vault XP percentage of total XP
 D = Non-vault monster count
 E = Vault monster count
 F = Vault count percentage of total count
                 A         B        C        D         E       F
            +---------+---------+-------+---------+---------+-------
      Total |     163 |     196 |  54.6 |      51 |      14 |  21.5
            +---------+---------+-------+---------+---------+-------
        D:1 |      49 |       5 |   9.3 |      21 |       3 |  12.5
        D:2 |     102 |     156 |  60.5 |      25 |       2 |   7.4
        D:3 |      12 |      35 |  74.5 |       5 |       9 |  64.3
            +---------+---------+-------+---------+---------+-------
